 Dungeon Crawl Stone Soup version 0.25.1-1-g288607f5aa (webtiles) character file.

Game seed: 6301040836594932312

33 MJtheKandyman the Skirmisher (level 3, 34/34 HPs)
             Began as a Minotaur Fighter on May 30, 2020.
             Quit the game on level 1 of the Dungeon on July 20, 2020.
             The game lasted 00:05:03 (1360 turns).

MJtheKandyman the Skirmisher (Minotaur Fighter)     Turns: 1360, Time: 00:05:03

Health: 34/34      AC:  6    Str: 21    XL:     3   Next: 12%
Magic:  2/2        EV:  7    Int:  5    God:
Gold:   79         SH:  9    Dex:  9    Spells: 2/2 levels left

rFire    . . .     SeeInvis .   a - +0 war axe
rCold    . . .     Gourm    .   c - +0 kite shield
rNeg     . . .     Faith    .   b - +0 scale mail
rPois    .         Spirit   .   (helmet restricted)
rElec    .         Reflect  .   (no cloak)
rCorr    .         Harm     .   (no gloves)
MR       .....                  (no boots)
Stlth    ..........             (no amulet)
HPRegen  0.11/turn              (no ring)
MPRegen  0.08/turn              (no ring)

@: no status effects
A: retaliatory headbutt, horns 2
a: no special abilities


You were on level 1 of the Dungeon.
You were not hungry.

You visited 1 branch of the dungeon, and saw 1 of its levels.

You collected 79 gold pieces.

Inventory:

Hand Weapons
 a - a +0 war axe (weapon)
Missiles
 j - 79 stones (quivered)
Armour
 b - a +0 scale mail (worn)
 c - a +0 kite shield (worn)
Scrolls
 k - 2 scrolls of remove curse {unknown}
 l - a scroll of magic mapping {unknown}
Potions
 d - 2 potions of might
 e - a potion of haste {unknown}
 h - a potion of magic {unknown}
 i - a potion of stabbing {unknown}
 m - a potion of degeneration {unknown}
Comestibles
 f - 2 rations
 g - 2 chunks of flesh


   Skills:
 + Level 4.7 Fighting
 + Level 3.1 Axes
 - Level 3.6 Armour
 - Level 3.6 Shields


You had 2 spell levels left.
You didn't know any spells.
Your spell library was empty.

Dungeon Overview and Level Annotations

Branches:
Dungeon (1/15)

Altars:


Innate Abilities, Weirdness & Mutations

You reflexively headbutt those who attack you in melee.
You have a pair of horns on your head.


Message History

You kill the goblin!
You see here a +0 club.
m - a murky purple potion Some of the chunks of flesh in your inventory have rotted away.
Some of the chunks of flesh in your inventory have rotted away.
k - 2 scrolls labeled HUDUAROAQO (gained 1)
You see here a pair of gloves.
Some of the chunks of flesh in your inventory have rotted away.
Eating one of 3 chunks of flesh.
You eat one of the 3 chunks of flesh.
This raw flesh tastes terrible.
There is a stone staircase leading down here.
Done exploring.
Done exploring.
Welcome back, MJtheKandyman the Minotaur Fighter.
Press ? for a list of commands and other information.
Unknown command.
Unknown command.
Okay, then.
Unknown command.
Are you sure you want to abandon this character and quit the game? (Confirm with "yes".)

##### ##...##
##.....## #.......#
#.......#
#.......#############
##............÷....÷.
#...@...#############
#.......# #.......#
##.....##########
##...>...#.....##
##.............##
#...............###
#..................
#................##


There were no monsters in sight!

Vanquished Creatures
  An ooze (D:1)
  A dart slug (D:1)
  A leopard gecko (D:1)
  A giant cockroach (D:1)
  5 goblins (D:1)
  3 hobgoblins (D:1)
  2 jackals (D:1)
  2 bats (D:1)
  2 frilled lizards (D:1)
  3 kobolds (D:1)
  4 rats (D:1)
25 creatures vanquished.

Notes
Turn   | Place    | Note
-------+----------+-------------------------------------------
     0 | D:1      | MJtheKandyman the Minotaur Fighter began the quest for the
                  | Orb.
     0 | D:1      | Reached XP level 1. HP: 19/19 MP: 0/0
   290 | D:1      | Reached skill level 4 in Fighting
   633 | D:1      | Reached XP level 2. HP: 27/27 MP: 1/1
  1120 | D:1      | Reached XP level 3. HP: 34/34 MP: 2/2
  1359 | D:1      | Upgraded the game from 0.25-b1-23-ge2ad7d536c to
                  | 0.25.1-1-g288607f5aa
  1360 | D:1      | Quit the game

Illustrated notes

Levels and vault maps discovered:
D:1:      dpeg_arrival_court, layout_rooms, grunt_decor_resistance

Skill      XL: |  1  2 |
---------------+-------+-----
Fighting       | 4 |  4.7
Axes           | 3 |  3.1
Armour         | |  3.6
Shields        | |  3.6

Action                   || total
-------------------------++-------
Melee: War axe           ||    81
       Headbutt          ||     6
  Eat: Chunk             ||     2
Armor: Scale mail        ||    35
Dodge: Dodged            ||    23
Block: Kite shield       ||    42
